 Dungeon Crawl Stone Soup version 0.30-a0-1082-g70414cbcbb (webtiles) character file.

Game seed: 12187628296203801567

1013 mandoloar the Sneak (level 8, -1/78 HPs)
             Began as an Octopode Earth Elementalist on Apr 15, 2023.
             Killed by divine providence
             ... invoked by an orc priest
              (12 damage)
             ... on level 5 of the Dungeon on Apr 16, 2023.
             The game lasted 00:21:31 (7771 turns).

mandoloar the Sneak (Octopode Earth Elementalist)   Turns: 7771, Time: 00:21:32

Health: -1/78      AC: 24    Str:  8    XL:     8   Next: 21%
Magic:  22/22      EV:  2    Int: 19    God:
Gold:   240        SH:  0    Dex: 12    Spells: 4/14 levels left

rFire   . . .      SeeInvis .      - Unarmed
rCold   . . .      Faith    .    (no shield)
rNeg    . . .      Spirit   .    (helmet currently unavailable)
rPois   +          Reflect  .    (no amulet)
rElec   .          Rampage  .    j - ring of wizardry
rCorr   .          NoTele   +    i - ring of magical power
Will    .....                    (no ring)
Stlth   +++                      (no ring)
HPRegen 0.33/turn                (no ring)
MPRegen 0.18/turn                (no ring)
                                 (no ring)
                                 (no ring)

@: tree-form
A: stationary, stasis, torment immunity, boosted hp, almost no armour,
(amphibious), 8 rings, (camouflage 1), (gelatinous body 1), (nimble swimmer 1),
(tentacles)
a: no special abilities


You were on level 5 of the Dungeon.
You were a tree.
You visited 1 branch of the dungeon, and saw 6 of its levels.
You also visited: Sewer.

You collected 240 gold pieces.

Inventory:

Missiles
 f - 82 stones
 k - 8 poisoned darts
 n - 3 atropa-tipped darts
 s - 5 boomerangs
 t - a throwing net
Jewellery
 i - a ring of magical power (right branch)
 j - a ring of wizardry (left branch)
Scrolls
 b - a scroll of torment
 c - a scroll of fog
 d - a scroll of teleportation
 h - 2 scrolls of magic mapping
 o - 2 scrolls of enchant weapon
 p - a scroll of fear
Potions
 a - a potion of invisibility {unknown}
 e - a potion of curing {unknown}
 g - a potion of lignification
 l - 3 potions of cancellation
 q - a potion of ambrosia {unknown}
 u - a potion of brilliance {unknown}


   Skills:
 + Level 3.0 Fighting
 + Level 3.8 Dodging
 + Level 5.5 Stealth
 + Level 3.1 Unarmed Combat
 + Level 3.7 Spellcasting
 + Level 0.4 Conjurations
 + Level 3.6 Transmutations
 + Level 4.5 Earth Magic


You had 4 spell levels left.
You knew the following spells:

 Your Spells              Type           Power      Damage    Failure   Level
a - Sandblast             Erth           42%        2d11      1%          1
b - Passwall              Tmut/Erth      15%        N/A       1%          2
c - Stone Arrow           Conj/Erth      26%        3d8       6%          3
d - Petrify               Tmut/Erth      19%        N/A       11%         4

Your spell library contained the following spells:

 Spells                   Type           Power      Damage    Failure   Level
 Blink                    Tloc           6%         N/A       9%          2
 Manifold Assault         Tloc           3%         N/A       45%         4
 Storm Form               Tmut/Air       5%         N/A       100%        7


Dungeon Overview and Level Annotations

Branches:
Dungeon (6/15)             Temple (0/1) D:5           Sewer (visited)

Altars:
Nemelex Xobeh
Qazlal
Wu Jian

Annotations:
D:3 2 transporters, tgirl's ghost, amateur KoHu
D:5 2 runed translucent doors


Innate Abilities, Weirdness & Mutations

You are a tree.
Your roots penetrate the ground, keeping you stationary.
You cannot be teleported.
You are immune to unholy pain and torment.
Your maximum health is greatly increased.
You cannot wear most types of armour.
((You are amphibious.))
You can wear up to eight rings at the same time.
((Your skin changes colour to match your surroundings (Stealth+).))
((Your rubbery body absorbs attacks. (AC +1, EV +1)))
((You are camouflaged when in or above water. (Stealth+)))
((You have tentacles for arms and can constrict up to eight enemies at once.))


Message History

An orc priest is nearby!
You nearly hit yourself!
Something hits you but does no damage.
The orc priest hits you but does no damage.
You cannot move. (Use ctrl+direction or * direction to attack while stationary and confused.)
You cannot move. (Use ctrl+direction or * direction to attack while stationary and confused.)
You cannot move. (Use ctrl+direction or * direction to attack while stationary and confused.)
You closely miss the orc priest.
The orc priest hits you but does no damage.
Something hits you.
* * * LOW HITPOINT WARNING * * *
You swing at nothing.
You hear some strange, mumbled words.
Something tries to affect you, but you resist.
The orc priest hits you but does no damage.
You barely miss something. Something hits you but does no damage.
The orc priest hits you but does no damage.
You hit the orc priest.
The orc priest is moderately wounded.
You feel less confused. Something hits you but does no damage.
The orc priest hits you with a +0 vampiric war axe!
* * * LOW HITPOINT WARNING * * *
The orc priest draws strength from your wounds!
You cannot move.
You cannot move.
You cannot move.
You cannot move.
You closely miss something.
The orc priest hits you but does no damage.
You hear some strange, mumbled words.
A magic dart appears from out of thin air!
The magic dart hits you but does no damage.
You closely miss something. You hit the orc priest.
The orc priest is lightly wounded.
You hear some strange, mumbled words.
Something tries to affect you, but you resist.
The orc priest mumbles some strange prayers to Beogh against you.
Beogh smites you!
You die...

#**
*,,...)........#.......#...#
*,,.....#.8.#).######.....##
*,,....o.#.#...........#...#
*,,......#.#.......###.#...##
*,,......#.........'.#.#.....
***#####*#.........#.#.....##
##........#.#####.##
#.{o.....#.........
*#####.♣..##.####.######
#......<..##.##.#..#
***#.#.##....##.##....#
*,,,....§....##)...#..#
**,~≈.≈≈≈≈≈≈.###....#..#
*,,~,....§.§.##...#.#..#
#..≈.#.###.≈.##.#...####
#..≈.#...#.≈.##.#.### ####
#..§.#._.#.≈.##.#.#


You could see an orc priest.

Vanquished Creatures
  A water moccasin (D:3)
  A sky beast (D:6)
  2 centaurs (D:5)
  A kobold brigand (D:6)
  3 wights (D:6)
  2 jellies
  An orc priest (D:5)
  4 sleepcaps
  An orc wizard (D:5)
  A hell rat (Sewer)
  5 adders
  A river rat (Sewer)
  3 worms
  A dart slug (D:1)
  24 orcs
  2 bats
  10 endoplasms
  A giant cockroach (D:5)
  10 goblins
  7 hobgoblins
  2 jackals (D:2)
  2 quokkas
  7 ball pythons
  2 frilled lizards (D:3)
  14 kobolds
  13 rats
121 creatures vanquished.

Vanquished Creatures (others)
  5 plants (D:3)
5 creatures vanquished.

Grand Total: 126 creatures vanquished

Notes
Turn   | Place    | Note
-------+----------+-------------------------------------------
     0 | D:1      | mandoloar the Octopode Earth Elementalist began the quest
                  | for the Orb.
     0 | D:1      | Reached XP level 1. HP: 11/11 MP: 3/3
   266 | D:1      | Reached XP level 2. HP: 17/17 MP: 3/5
   269 | D:1      | Learned a level 2 spell: Passwall
   436 | D:1      | Reached skill level 3 in Stealth
   948 | D:2      | Reached XP level 3. HP: 22/22 MP: 2/6
   952 | D:2      | Learned a level 3 spell: Stone Arrow
  1678 | D:2      | Reached skill level 1 in Fighting
  1678 | D:2      | Reached XP level 4. HP: 28/28 MP: 5/7
  1731 | D:2      | Reached skill level 1 in Unarmed Combat
  2375 | D:3      | Noticed a water moccasin
  2914 | D:3      | Found a stormy altar of Qazlal.
  3180 | D:3      | Reached XP level 5. HP: 18/33 MP: 1/8
  4072 | D:4      | You fall into a shaft and drop 2 floors!
  4167 | D:6      | Noticed a black bear
  4493 | D:6      | Reached skill level 4 in Stealth
  4493 | D:6      | Reached XP level 6. HP: 39/39 MP: 9/10
  4993 | D:6      | Reached XP level 7. HP: 45/45 MP: 11/11
  5216 | D:5      | Entered Level 5 of the Dungeon
  5224 | D:5      | Found a glowing drain.
  5236 | Sewer    | Entered a sewer
  5833 | D:5      | Reached skill level 5 in Stealth
  6601 | D:3      | Found a transporter.
  6625 | D:3      | Identified the +9 spear of Annoyance {venom, rC+ Int+5}
  6649 | D:3      | Noticed tgirl's ghost (amateur KoHu)
  6666 | D:3      | Found a transporter.
  6895 | D:4      | Learned a level 4 spell: Petrify
  7103 | D:5      | Reached XP level 8. HP: 42/52 MP: 12/13
  7461 | D:5      | Found a runed translucent door.
  7463 | D:5      | Found a runed translucent door.
  7673 | D:5      | Found a sparkling altar of Nemelex Xobeh.
  7691 | D:5      | Found an ornate altar of the Wu Jian Council.
  7727 | D:5      | Found a staircase to the Ecumenical Temple.
  7771 | D:5      | Killed from afar by an orc priest

Illustrated notes

Levels and vault maps discovered:
D:1:      scummos_arrival_simple_fountains, layout_loops_ring
D:2:      layout_loops_cross, minmay_puff
D:3:      layout_rooms, mainiacjoe_overflow_24_doors,
          gammafunk_ghost_gnarly_gnolls
D:4:      layout_basic, serial_glass, glass_columns_a, glass_columns_b
D:5:      lemuel_insect_pit, layout_basic, kennysheep_mini,
          mainiacjoe_overflow_brackets, minmay_temple_entry_statues_pillars,
          portal_sewer_entry_b
D:6:      layout_loops_ring

Skill      XL: |  1  2  3  4  5  6  7 |
---------------+----------------------+-----
Stealth        | 3 4 5 |  5.5
Fighting       | 1 2 3 |  3.0
Unarmed Combat | 1 2 3 |  3.1
Transmutations | 2 3 |  3.6
Spellcasting   | 3 |  3.7
Dodging        | 3 |  3.8
Earth Magic    | 4 |  4.5
Conjurations   | |  0.4

Action                     |  1- 3 |  4- 6 |  7- 9 || total
---------------------------+-------+-------+-------++-------
  Melee: Unarmed           |     1 |    19 |    15 ||    35
         Tentacles         |     1 |     7 |       ||     8
         Constrict         |       |     6 |       ||     6
  Throw: Stone             |     2 |     4 |     1 ||     7
         Dart              |       |       |    15 ||    15
         Boomerang         |       |       |     1 ||     1
   Cast: Sandblast         |    48 |    66 |    51 ||   165
         Stone Arrow       |     1 |    19 |    20 ||    40
    Use: Scroll            |       |     9 |     8 ||    17
         Potion            |       |     3 |     2 ||     5
 Armour: Skin              |     1 |     2 |    15 ||    18
  Dodge: Dodged            |    12 |    42 |    25 ||    79

Table legend: (Time is in decaauts)
 A = Elapsed time spent in this place.
 B = Non-inter-level travel time spent in this place.
 C = Inter-level travel time spent in this place.
 D = Time resting spent in this place.
 E = Time spent auto-exploring this place.
 F = Levels seen in this place.
 G = Mean time per level.
                   A        B        C        D        E       F      G
               +--------+--------+--------+--------+--------+-----+--------+
         Total |   7860 |   7571 |    289 |   3119 |   3172 |   7 | 1122.9 |
       Dungeon |   7666 |   7377 |    289 |   3064 |   3085 |   6 | 1277.7 |
         Sewer |    194 |    194 |      0 |     55 |     87 |   1 |  194.0 |
               +--------+--------+--------+--------+--------+-----+--------+

Top non-repeatable levels by time:
     D:2: 1800 daAuts
     D:4: 1384 daAuts
     D:5: 1383 daAuts
     D:6: 1151 daAuts
     D:1: 999 daAuts
     D:3: 946 daAuts
   Sewer: 194 daAuts
